 Dungeon Crawl Stone Soup version 0.29.1-12-g30fa7ad0bf (webtiles) character file.

Game seed: 16222035893684196791

13669 MisterFreud the Peltast (level 12, -4/86 HPs)
             Began as a Formicid Gladiator on Jan 3, 2023.
             Was an Initiate of Yredelemnul.
             Slain by an eight-headed hydra (12 damage)
             ... on level 15 of the Dungeon.
             The game lasted 00:18:02 (14748 turns).

MisterFreud the Peltast (Formicid Gladiator)       Turns: 14748, Time: 00:18:02

Health: -4/86      AC: 10    Str: 32    XL:     12   Next: 35%
Magic:  18/18      EV: 10    Int: 10    God:    Yredelemnul [......]
Gold:   1312       SH: 24    Dex: 17    Spells: 11/11 levels left

rFire   x . .      SeeInvis +   r - +7 quarterstaff "Pagraus" {freeze, Str+4}
rCold   + . .      Faith    .   m - +5 tower shield of Sif Muna's Supremacy {+Inv rPois Int+2 Stlth-}
rNeg    . . .      Spirit   .   k - +0 scale mail
rPois   +          Reflect  .   (helmet unavailable)
rElec   .          Harm     .   t - +0 cloak
rCorr   .          Rampage  .   s - +1 pair of gloves
Will    +....                   (no boots)
Stlth   ..........              B - amulet of Gyxy {Acrobat Str+6}
HPRegen 0.24/turn               q - ring of ice
MPRegen 0.16/turn               (no ring)

@: no status effects
A: permanent stasis, dig shafts and tunnels, antennae 3, four strong arms
a: Dig, Shaft Self, Renounce Religion, Evoke Invisibility, Recall Undead Harvest


You were on level 15 of the Dungeon.
You worshipped Yredelemnul.
Yredelemnul was aware of your devotion.
You visited 2 branches of the dungeon, and saw 15 of its levels.
You also visited: Bailey.

You collected 1984 gold pieces.
You spent 672 gold pieces at shops.

Inventory:

Hand Weapons
 a - a +1 vorpal quarterstaff
 r - the +7 quarterstaff "Pagraus" (weapon) {freeze, Str+4}
   (You took it off an orc on level 5 of the Dungeon)

   It freezes those it strikes, dealing additional cold damage.
   It can also slow down cold-blooded creatures.
   Str:       It affects your strength (+4).
Missiles
 c - 7 throwing nets (quivered)
 d - a javelin
 f - 2 datura-tipped darts
 n - 10 atropa-tipped darts
 z - 2 boomerangs
 I - 11 poisoned darts
Armour
 b - a +0 leather armour
 k - a +0 scale mail (worn)
 m - the +5 tower shield of Sif Muna's Supremacy (worn) {+Inv rPois Int+2 Stlth-}
   (You acquired it on level 2 of the Dungeon)

   Int:       It affects your intelligence (+2).
   rPois:     It protects you from poison.
   +Inv:      It lets you turn invisible.
   Stlth:     It makes you less stealthy.
 s - a +1 pair of gloves (worn)
 t - a +0 cloak (worn)
 y - the +1 buckler of Nic Aragu {Slay+2}
   (You acquired it on level 3 of the Dungeon)

   Slay:      It affects your accuracy & damage with ranged weapons and melee
   (+2).
Jewellery
 q - a ring of ice (left hand)
 u - an amulet of magic regeneration
 v - a ring of magical power
 B - the amulet of Gyxy (around neck) {Acrobat Str+6}
   (You acquired it on level 7 of the Dungeon)

   [amulet of the acrobat]

   It increases your evasion while moving and waiting.
   Str:       It affects your strength (+6).
 J - a ring of positive energy
Wands
 w - a wand of mindburst (14)
 E - a wand of roots (2)
 G - a wand of charming (3)
Scrolls
 j - a scroll of poison
 A - a scroll of enchant armour
 H - a scroll of identify
Potions
 e - 3 potions of heal wounds
 g - 2 potions of might
 h - 5 potions of curing
 i - 2 potions of brilliance
 l - 3 potions of flight
 o - 4 potions of attraction
 p - 4 potions of lignification
 x - 2 potions of berserk rage
 C - 2 potions of ambrosia
 D - a potion of invisibility {unknown}
 F - a potion of mutation {unknown}


   Skills:
 + Level 5.6 Fighting
 - Level 10.0 Staves
 - Level 2.0 Throwing
 - Level 5.0 Armour
 - Level 2.6 Dodging
 - Level 15.0 Shields
 - Level 8.0 Invocations
 - Level 8.0 Evocations


You had 11 spell levels left.
You didn't know any spells.
Your spell library contained the following spells:

 Spells                   Type           Power      Damage    Failure   Level
 Summon Guardian Golem    Hex/Summ       0%         N/A       99%         3
 Olgreb's Toxic Radiance  Pois           0%         N/A       100%        4
 Orb of Destruction       Conj           0%         9d5       100%        7
 Ozocubu's Refrigeration  Ice            0%         4d7       100%        7
 Spellforged Servitor     Conj/Summ      0%         N/A       100%        7
 Ignition                 Fire           0%         3d3       100%        8


Dungeon Overview and Level Annotations

Branches:
Dungeon (15/15)            Temple (1/1) D:5            Lair (0/5) D:8
 Depths (0/4) D:15         Bailey (visited)
    Orc: D:9-12      Vaults: D:13-14

Altars:
Ashenzari
Cheibriados
Dithmenos
Elyvilon
Fedhas
Gozag
Hepliaklqana
Kikubaaqudgha
Makhleb
Nemelex Xobeh
Okawaru
Qazlal
Ru
Sif Muna
Trog
Uskayaw
Vehumet
Wu Jian
Xom
Yredelemnul
Zin
The Shining One

Shops:
D:2 *


Innate Abilities, Weirdness & Mutations

You cannot be hasted, slowed, berserked, paralysed or teleported.
You can dig through walls and to a lower floor.
You have a pair of large antennae on your head. (SInv)
Your four strong arms can wield two-handed weapons with a shield.


Message History

You block the eight-headed hydra's attack.
You sock the eight-headed hydra! You freeze the eight-headed hydra.
The eight-headed hydra is heavily wounded.
You block the eight-headed hydra's attack. x2
The eight-headed hydra closely misses you.
You block the eight-headed hydra's attack.
The eight-headed hydra misses you. The eight-headed hydra bites you.
You block the eight-headed hydra's attack.
The eight-headed hydra bites you!
You sock the eight-headed hydra!
The eight-headed hydra seems to slow down.
You freeze the eight-headed hydra.
The eight-headed hydra is severely wounded.
You block the eight-headed hydra's attack.
The eight-headed hydra bites you.
The eight-headed hydra barely misses you.
The eight-headed hydra bites you.
* * * LOW HITPOINT WARNING * * *
The eight-headed hydra bites you!
* * * LOW HITPOINT WARNING * * *
The eight-headed hydra bites you.
* * * LOW HITPOINT WARNING * * *
The eight-headed hydra bites you!
* * * LOW HITPOINT WARNING * * *
You block the eight-headed hydra's attack.
You barely miss the eight-headed hydra.
The eight-headed hydra is severely wounded.
Unknown command.
Unknown command.
You hit the eight-headed hydra. You freeze the eight-headed hydra.
The eight-headed hydra is severely wounded.
You block the eight-headed hydra's attack.
The eight-headed hydra barely misses you.
You block the eight-headed hydra's attack.
The eight-headed hydra bites you.
* * * LOW HITPOINT WARNING * * *
The eight-headed hydra closely misses you.
The eight-headed hydra bites you!
You die...
Your body rises from the dead as a mindless zombie.

#.... #....## #..#...###
#.#.#....# #..#.....#
#.......# #....D..+ +...#.@.#
#...#...# #...##'##########
#...#...........#
#...#...........# #####
#...'...........###....
#...#...........##.....
#######...######...#..#>.####
#.....#........#...# .##.....


You could see an eight-headed hydra (slow).

Vanquished Creatures
  A fire dragon (D:15)
  An ice dragon (D:15)
  2 centaur warriors (D:13)
  2 tengu warriors
  Pikel (D:7)
  A phantasmal warrior (D:15)
  2 cyclopes (D:13)
  Maurice (D:8)
  Psyche (D:8)
  2 kobold demonologists (D:12)
  A freezing wraith (D:15)
  4 trolls
  A hornet (D:7)
  A slime creature (D:13)
  A yak (D:9)
  A vampire (D:9)
  2 steam dragons
  3 wargs (D:7)
  2 water moccasins
  2 acid dragons
  An ice beast (D:5)
  2 sky beasts
  An orc warrior (D:8)
  An ogre (D:5)
  2 centaurs
  2 phantoms (D:7)
  A kobold brigand (D:12)
  2 bullfrogs
  2 gnoll sergeants
  5 scorpions
  A wyvern zombie (D:9)
  2 necrophages (D:9)
  5 wights
  3 jellies
  4 killer bees (D:9)
  2 electric eels (D:10)
  4 howler monkeys
  A human zombie (D:9)
  A centaur zombie (D:9)
  A quasit (D:5)
  3 gnoll boudas
  9 hounds
  6 orc priests
  3 iguanas
  14 orc wizards
  2 mummies (D:9)
  3 howler monkey zombies (D:9)
  32 gnolls
  11 adders
  6 shadow imps (D:5)
  5 white imps
  2 ufetubi (D:5)
  2 worms (D:2)
  12 dart slugs
  32 orcs
  5 endoplasms
  2 giant cockroaches
  16 goblins
  9 hobgoblins
  3 jackals (D:1)
  5 quokkas
  7 ball pythons
  8 bats
  6 frilled lizards
  7 kobolds
  2 rats (D:1)
287 creatures vanquished.

Vanquished Creatures (collateral kills)
  A troll (D:13)
  2 centaurs (D:13)
  A howler monkey (D:13)
4 creatures vanquished.

Vanquished Creatures (others)
  A slime creature zombie (D:13)
  A tengu zombie (D:15)
  2 troll zombies (D:13)
  3 centaur zombies (D:13)
  2 howler monkey zombies (D:13)
  2 spectral electric eels (D:10)
  A demonic plant (D:5)
12 creatures vanquished.

Grand Total: 303 creatures vanquished

Notes
Turn   | Place    | Note
-------+----------+-------------------------------------------
     0 | D:1      | MisterFreud the Formicid Gladiator began the quest for the
                  | Orb.
     0 | D:1      | Reached XP level 1. HP: 16/16 MP: 1/1
   181 | D:1      | Reached XP level 2. HP: 22/22 MP: 2/2
   236 | D:1      | Found a faded altar of an unknown god.
   488 | D:1      | Reached XP level 3. HP: 23/27 MP: 3/3
  1243 | D:2      | Found Meytiank's General Store.
  1311 | D:2      | Reached XP level 4. HP: 28/33 MP: 4/4
  1635 | D:2      | Reached skill level 5 in Staves
  2206 | D:3      | Reached XP level 5. HP: 32/38 MP: 5/5
  2255 | D:3      | Identified the +0 robe "Giula" {*Slow Will++ Slay+5}
  2676 | D:3      | Identified 2 scrolls of acquirement
  2676 | D:3      | Acquired the +1 buckler of Nic Aragu {Slay+2}
  2683 | D:3      | Acquired 567 gold pieces
  2806 | D:2      | Bought a scroll of acquirement for 624 gold pieces
  2806 | D:2      | Acquired the +5 tower shield of Sif Muna's Supremacy {+Inv
                  | rPois Int+2 Stlth-}
  2808 | D:2      | Bought a scroll of fear for 48 gold pieces
  2846 | D:4      | Noticed a steam dragon
  2853 | D:4      | You fall into a shaft and drop 2 floors!
  2977 | D:6      | Reached skill level 1 in Armour
  2977 | D:6      | Reached skill level 1 in Shields
  2977 | D:6      | Reached XP level 6. HP: 15/44 MP: 6/6
  3258 | D:6      | Reached skill level 2 in Shields
  3288 | D:6      | Acquired 723 gold pieces
  3306 | D:6      | Reached skill level 3 in Shields
  3374 | D:6      | Reached XP level 7. HP: 36/50 MP: 7/7
  3494 | D:6      | Noticed a water moccasin
  3512 | D:6      | Killed a water moccasin
  3513 | D:6      | Reached skill level 4 in Shields
  3521 | D:6      | Reached skill level 5 in Armour
  3888 | D:5      | Entered Level 5 of the Dungeon
  3999 | D:5      | Reached XP level 8. HP: 53/58 MP: 8/8
  4630 | D:4      | Found an iron altar of Okawaru.
  4634 | D:4      | Found a shadowy altar of Dithmenos.
  4635 | D:4      | Found an ornate altar of the Wu Jian Council.
  4637 | D:4      | Found a shimmering blue altar of Sif Muna.
  4637 | D:4      | Found a sacrificial altar of Ru.
  4671 | D:4      | Found an opulent altar of Gozag.
  5655 | D:5      | You fall into a shaft and drop 1 floor!
  6074 | D:6      | Reached skill level 5 in Fighting
  6712 | D:6      | Reached XP level 9. HP: 54/68 MP: 9/9
  7537 | D:5      | Identified the +7 quarterstaff "Pagraus" {freeze, Str+4}
  7649 | D:5      | Reached skill level 10 in Staves
  7868 | D:5      | Reached skill level 5 in Shields
  7987 | D:5      | Found a staircase to the Ecumenical Temple.
  7999 | Temple   | Entered the Ecumenical Temple
  8670 | D:7      | Noticed a hornet
  8675 | D:7      | Reached skill level 6 in Shields
  8685 | D:7      | Killed a hornet
  8686 | D:7      | Reached skill level 7 in Shields
  8702 | D:7      | Found a flagged portal.
  8725 | Bailey   | Entered a bailey
  8737 | Bailey   | Reached skill level 8 in Shields
  8741 | Bailey   | Reached XP level 10. HP: 36/74 MP: 10/10
  9316 | D:7      | Acquired the amulet of Gyxy {Acrobat Str+6}
  9404 | D:7      | Reached skill level 9 in Shields
  9598 | D:7      | Noticed Pikel
  9602 | D:7      | Killed Pikel
  9603 | D:7      | Reached skill level 11 in Shields
  9817 | D:7      | Found a bloodstained altar of Trog.
  9931 | D:8      | Found a staircase to the Lair.
  9951 | D:7      | Reached skill level 1 in Evocations
 10091 | D:8      | Noticed Psyche
 10328 | D:8      | Killed Psyche
 10458 | D:8      | Found a snail-covered altar of Cheibriados.
 10549 | D:8      | Noticed Maurice
 10561 | D:8      | Killed Maurice
 10562 | D:8      | Reached skill level 12 in Shields
 10722 | D:8      | Found a stormy altar of Qazlal.
 10998 | D:8      | Found a burning altar of Makhleb.
 11480 | D:9      | Identified the +1 robe "Gaylicro" {rPois}
 11536 | D:9      | Reached XP level 11. HP: 25/79 MP: 11/11
 11833 | D:9      | Reached skill level 5 in Evocations
 12094 | D:9      | Reached skill level 13 in Shields
 12267 | D:9      | Found a basalt altar of Yredelemnul.
 12281 | D:9      | Became a worshipper of Yredelemnul the Dark
 12605 | D:10     | Entered Level 10 of the Dungeon
 12616 | D:10     | Reached * piety under Yredelemnul
 12700 | D:10     | Noticed a six-headed hydra
 12708 | D:9      | Reached skill level 1 in Invocations
 12724 | D:10     | You fall into a shaft and drop 3 floors!
 12955 | D:13     | Noticed a centaur warrior
 12961 | D:13     | Killed a centaur warrior
 13014 | D:13     | Noticed a tengu warrior
 13028 | D:13     | Killed a tengu warrior
 13171 | D:13     | Reached ** piety under Yredelemnul
 13490 | D:13     | Noticed a cyclops
 13495 | D:13     | Killed a cyclops
 13496 | D:13     | Reached skill level 14 in Shields
 13521 | D:13     | Noticed a cyclops
 13533 | D:13     | Killed a cyclops
 13533 | D:13     | Reached *** piety under Yredelemnul
 13708 | D:13     | Noticed a centaur warrior
 13716 | D:13     | Killed a centaur warrior
 13755 | D:13     | Reached **** piety under Yredelemnul
 13756 | D:13     | Reached skill level 5 in Invocations
 13902 | D:12     | Reached XP level 12. HP: 86/86 MP: 14/16
 13902 | D:12     | Noticed a six-headed hydra
 13913 | D:12     | You fall into a shaft and drop 2 floors!
 14011 | D:14     | Noticed a death knight
 14022 | D:15     | Entered Level 15 of the Dungeon
 14176 | D:15     | Noticed a tengu warrior
 14185 | D:15     | Killed a tengu warrior
 14253 | D:15     | Noticed a fire dragon
 14261 | D:15     | Noticed an ice dragon
 14264 | D:15     | Killed a fire dragon
 14265 | D:15     | Reached skill level 15 in Shields
 14275 | D:15     | Killed an ice dragon
 14566 | D:15     | Found a staircase to the Depths.
 14736 | D:15     | Noticed an eight-headed hydra
 14748 | D:15     | Slain by an eight-headed hydra

Illustrated notes

Levels and vault maps discovered:
D:1:      lightli_iron_boxes, layout_basic, nicolae_ecumenical_snake_handling
D:2:      layout_basic, serial_shops, shop, minmay_domino_4
D:3:      layout_rooms
D:4:      layout_basic, nicolae_gozag_cash_rules_everything_around_me,
          grunt_temple_overflow_open, minmay_misc_feat_alley
D:5:      kennysheep_slugbush, layout_rooms, temple_hall, serial_demonic,
          serial_demonic_d, serial_demonic_a, serial_demonic_g,
          serial_demonic_a, grunt_ministairs_10, minmay_ogre_servants
D:6:      layout_gridville, minivault_11, minmay_misc_feat_four_crosses,
          minmay_misc_feat_encased, minmay_crossroads
D:7:      layout_basic, trog_hazing_becter, enter_bailey_3,
          kennysheep_cross_bottleneck, uniq_pikel
D:8:      layout_layer_cave, nicolae_qazlal_style_of_elements,
          lightli_temple_of_fire, lemuel_doored_altar,
          erik_lair_orcish_takeover, uniq_maurice, uniq_psyche
D:9:      layout_irregular_city, lemuel_mausoleum_altar_yredelemnul
D:10:     layout_big_octagon, enter_trove_2, kennysheep_island_fort, uniq_erica
D:12:     minmay_statue_hallways, layout_stronghold
D:13:     layout_loops_ring
D:14:     layout_roguey, david_vaults_4, disabler_island, uniq_jorgrun
D:15:     grunt_enter_depths_hoard, layout_grid_maze, hangedman_decor_slide_cut,
          corexii_leaking_fountain
Temple:   hellmonk_temple_of_storms

Skill      XL: |  1  2  3  4  5  6  7  8  9 10 11 12 |
---------------+-------------------------------------+-----
Staves         | 4 5 6 8 10 | 10.0
Armour         | 1 2 5 |  5.0
Shields        | 1 3 4 8 12 14 15 | 15.0
Fighting       | 3 5 |  5.6
Evocations     | 4 8 |  8.0
Invocations    | 5 8 |  8.0
Throwing       | |  2.0
Dodging        | |  2.6

Action                   |  1- 3 |  4- 6 |  7- 9 | 10-12 || total
-------------------------+-------+-------+-------+-------++-------
Melee: Quarterstaff      |    90 |   109 |   387 |   350 ||   936
       Punch             |     2 |       |       |       ||     2
 Abil: Shaft Self        |       |     1 |     1 |     2 ||     4
       Dig               |       |       |       |     1 ||     1
Evoke: Wand              |       |       |       |     2 ||     2
  Use: Scroll            |     4 |     8 |    11 |     5 ||    28
       Potion            |       |     1 |       |     4 ||     5
 Stab: Distracted        |       |       |       |     1 ||     1
Armor: Leather armour    |    43 |    20 |       |       ||    63
       Scale mail        |       |    16 |   136 |    73 ||   225
Dodge: Dodged            |    85 |    52 |   204 |   129 ||   470
Block: Buckler           |       |    10 |   114 |    18 ||   142
       Tower shield      |       |       |       |   355 ||   355
